 Dungeon Crawl Stone Soup version 0.18.1-8-gdd0e5ea (webtiles) character file.

40 Trypek the Covered (level 3, 0/33 HPs)
             Began as a Deep Dwarf Fighter on May 24, 2016.
             Slain by a phantom (1 damage)
             ... on level 4 of the Dungeon on May 26, 2016.
             The game lasted 00:28:23 (2022 turns).

Trypek the Covered (Deep Dwarf Fighter)             Turns: 2022, Time: 00:28:24

Health: 0/33       AC:  4    Str: 20    XL:     3   Next: 30%
Magic:  2/2        EV:  7    Int:  8    God:
Gold:   87         SH:  9    Dex: 12    Spells: 0 memorised, 2 levels left

rFire  . . .     SeeInvis .     (no weapon)
rCold  . . .     Gourm    .     b - +0 scale mail
rNeg   . . .     Faith    .     c - +0 shield
rPois  .         Spirit   .     (no helmet)
rElec  .         Dismiss  .     (no cloak)
rCorr  .         Reflect  .     (no gloves)
SustAt .         Harm     .     (no boots)
MR     .....     Rnd*Tele +     (no amulet)
Stlth  ..........               (no ring)
                                t - ring of teleportation (curse)

@: lethally poisoned (0 -> 0), non-regenerating, not resistant to hostile
enchantments, extremely unstealthy
A: damage resistance, recharge devices, claws 1, deformed body, low mp 1, sense
surroundings 1, slow regeneration 3
a: Device Recharging


You were on level 4 of the Dungeon.
You were not hungry.

You visited 1 branch of the dungeon, and saw 3 of its levels.

You collected 87 gold pieces.

Inventory:

Hand Weapons
 a - a +0 war axe
 h - a +0 whip
 i - a +0 mace
 j - a +0 club
 k - a +0 short sword
 m - a +0 dagger
 s - a +0 club
 u - a +0 hand axe
 x - a +0 club
Missiles
 d - 31 stones (quivered)
 o - 24 bolts
Armour
 b - a +0 scale mail (worn)
 c - a +0 shield (worn)
 g - a +0 ring mail
 r - a +0 ring mail
Jewellery
 t - a cursed ring of teleportation (left claw)
 w - an uncursed ring of ice {unknown}
 y - a +5 ring of intelligence {unknown}
Wands
 e - a wand of heal wounds (5/9)
 C - a wand of slowing (34/48)
Scrolls
 f - a scroll of remove curse {unknown}
 l - a scroll of enchant weapon {unknown}
 v - 2 scrolls of teleportation {unknown}
 z - a scroll of fear {unknown}
 B - a scroll of amnesia {unknown}
 D - a scroll of identify
Potions
 E - a potion of curing {unknown}
Comestibles
 A - a meat ration


   Skills:
 * Level 2.9 Fighting
 - Level 2.2 Axes
 + Level 3.8 Armour
 + Level 1.0 Dodging
 + Level 3.8 Shields
 + Level 0.1 Unarmed Combat


You had 2 spell levels left.
You didn't know any spells.

Dungeon Overview and Level Annotations

Branches:
Dungeon (2/15)

Altars:
Fedhas
Qazlal


Innate Abilities, Weirdness & Mutations

You are resistant to damage.
You can recharge devices by infusing magical energy.
You passively map a small area around you.
You do not regenerate naturally.
You have sharp fingernails.
Armour fits poorly on your strangely shaped body.
Your magical capacity is low (-10% MP).


Message History

The phantom is lightly damaged.
The adder bites you but does no damage. The adder bites you.
You block the phantom's attack.
You miss the phantom.
The phantom is lightly damaged.
The adder bites you. The phantom completely misses you.
You completely miss the phantom.
The phantom is lightly damaged.
The adder bites you but does no damage. You block the phantom's attack.
You block the adder's attack.
You miss the phantom.
The phantom is lightly damaged.
You block the phantom's attack. The adder bites you but does no damage.
You scratch the phantom.
The phantom is lightly damaged.
The adder bites you but does no damage. The phantom hits you.
The phantom blinks!
The adder barely misses you. The adder bites you but does no damage.
The phantom hits you.
You die...

#####
#.S.#
#.#ยง#
#.#@#
#.#W#
#.#.#
#.#.#
*
#.#.#
#.#.#
#.#.#
#.#.#
#.#,*
,#.#.#
*.#


You could see a phantom and an adder.

Vanquished Creatures
  An adder (D:2)
  A ball python (D:1)
  7 bats
  A giant cockroach (D:1)
  4 hobgoblins
  4 jackals (D:1)
  A quokka (D:4)
  2 giant newts (D:1)
  2 goblins (D:1)
  2 kobolds
  4 rats (D:1)
29 creatures vanquished.

Notes
Turn   | Place    | Note
--------------------------------------------------------------
     0 | D:1      | Trypek the Deep Dwarf Fighter began the quest for the Orb.
     0 | D:1      | Reached XP level 1. HP: 20/20 MP: 1/1
   458 | D:1      | Reached XP level 2. HP: 25/27 MP: 2/2
  1085 | D:1      | :
  1085 | D:1      | :;
  1648 | D:2      | Reached skill level 1 in Dodging
  1648 | D:2      | Reached XP level 3. HP: 21/33 MP: 3/3
  1670 | D:2      | Found a stormy altar of Qazlal.
  1700 | D:2      | Found a blossoming altar of Fedhas.
  1945 | D:2      | You fall through a shaft for 2 floors!
  1957 | D:4      | Noticed a phantom
  1980 | D:4      | Gained mutation: You have sharp fingernails. [potion of beneficial mutation]
  2001 | D:4      | Gained mutation: Armour fits poorly on your strangely shaped body. [potion of mutation]
  2001 | D:4      | Gained mutation: Your magical capacity is low (-10% MP). [potion of mutation]
  2015 | D:4      | HP: 1/33 [phantom (2)]
  2022 | D:4      | Slain by a phantom

Skill      XL: |  1  2 |
---------------+-------+-----
Dodging        | 1 |  1.0
Fighting       | |  2.9
Axes           | |  2.2
Armour         | |  3.8
Shields        | |  3.8
Unarmed Combat | |  0.1

Action                   || total
-------------------------++-------
Melee: War axe           ||    68
       Unarmed           ||   101
  Use: Scroll            ||     2
       Potion            ||     4
  Eat: Bread ration      ||     1
Armor: Scale mail        ||   116
Dodge: Dodged            ||    63
Block: Shield            ||   133
